 Dungeon Crawl Stone Soup version 0.30-a0-459-g9104f0fc43 (webtiles) character file.

Game seed: 9268427443949557865

575505 hikkokomori the Stormcaller (level 27, -3/248 HPs)
             Began as a Naga Ice Elementalist on Dec 3, 2022.
             Was the Champion of Cheibriados.
             Slain by a black draconian knight
             ... wielding a +0 great mace
             ... led by a black draconian knight
              (20 damage)
             ... on level 2 of the Realm of Zot on Dec 16, 2022.
             The game lasted 06:46:57 (65699 turns).

hikkokomori the Stormcaller (NaIE)                 Turns: 65699, Time: 06:46:57

Health: -3/248     AC: 19    Str: 33    XL:     27
Magic:  4/43       EV: 26    Int: 49    God:    Cheibriados [******]
Gold:   1558       SH: 16    Dex: 29    Spells: 12/59 levels left

rFire   + + .      SeeInvis +    l - +12 broad axe "Qeamon" {spect, rF+ rC+ Int+4}
rCold   + + .      Faith    .    t - +0 kite shield {reflect}
rNeg    . . .      Spirit   .    J - +2 troll leather armour {Snorg}
rPois   +          Reflect  +    o - +2 helmet {Int+3}
rElec   .          Harm     .    B - scarf {rC+ rF+}
rCorr   .          Rampage  .    L - +2 pair of gloves {Str+3}
Will    ++++.                    (no barding)
Stlth   ++++++++..               I - amulet of magic regeneration
HPRegen 1.41/turn                O - ring "Yleixt" {Will+ Int+4 SInv Stlth+}
MPRegen 0.68/turn                Z - +4 ring of evasion

@: studying 2 skills, very slow
A: AC +9, large, see invisible, deformed body, poison resistance, slowness 2,
spit poison 1, naga tail 2, screaming 1
}: 3/15 runes: slimy, silver, gossamer
a: Spit Poison, Renounce Religion, Bend Time, Temporal Distortion, Slouch, Step
From Time


You were on level 2 of the Realm of Zot.
You worshipped Cheibriados.
Cheibriados was exalted by your worship.
You visited 12 branches of the dungeon, and saw 50 of its levels.
You also visited: Bailey and Ice Cave.

You collected 7272 gold pieces.
You spent 5714 gold pieces at shops.

Inventory:

Hand Weapons
 l - the +12 broad axe "Qeamon" (weapon) {spect, rF+ rC+ Int+4}
   (You bought it in a shop on level 1 of the Depths)

   When its wielder attacks, the weapon's spirit leaps out and strikes again.
   The spirit shares a part of any damage it takes with its wielder.
   Int:       It affects your intelligence (+4).
   rF:        It protects you from fire.
   rC:        It protects you from cold.
 U - the +4 dagger "Morg" {pain, Will+ Int+5}
   (You found it on level 9 of the Dungeon)

   In the hands of one skilled in necromantic magic, it inflicts extra damage on
   living creatures.
   Int:       It affects your intelligence (+5).
   Will:      It increases your willpower.
 W - the +5 demon trident of Kiguof {vamp, *Noise Fly rCorr Str+5}
   (You found it on level 4 of the Depths)

   It occasionally heals its wielder for a portion of the damage dealt when it
   wounds a living foe.
   Str:       It affects your strength (+5).
   Fly:       It grants you flight.
   *Noise:    It may make noises in combat.
   rCorr:     It protects you from acid and corrosion.
Missiles
 N - 2 throwing nets
Armour
 g - the +0 robe of the Minstrel {Will++ Int+4}
   (You found it on level 4 of the Lair of Beasts)

   Int:       It affects your intelligence (+4).
   Will:      It greatly increases your willpower.
 m - a +2 tower shield of cold resistance
 o - a +2 helmet of intelligence (worn)
 t - a +0 kite shield of reflection (worn)
 B - a scarf of resistance (worn)
 J - a +2 troll leather armour (worn) {Snorg}
 L - a +2 pair of gloves of strength (worn)
Jewellery
 d - a ring of magical power
 j - an amulet of the acrobat
 F - the dreamshard necklace {*Dream Drain}
   (You found it on level 5 of the Pits of Slime)

   [amulet of nothing]

   It shatters if its wearer takes lethal or near-lethal damage, preventing the
   blow and releasing protective dreams that heal and fight for the wearer.
   Drain:     It drains your maximum health when unequipped.
 I - an amulet of magic regeneration (around neck)
 O - the ring "Yleixt" (left hand) {Will+ Int+4 SInv Stlth+}
   (You bought it in a shop on level 2 of the Orcish Mines)

   [ring of see invisible]

   Int:       It affects your intelligence (+4).
   SInv:      It lets you see invisible.
   Will:      It increases your willpower.
   Stlth:     It makes you more stealthy.
 Z - a +4 ring of evasion (right hand)
Wands
 k - a wand of polymorph (8)
 E - a wand of charming (23)
 G - a wand of iceblast (15)
 K - a wand of digging (4)
 T - a wand of flame (26)
Scrolls
 f - 4 scrolls of poison
 p - 4 scrolls of enchant weapon
 q - 16 scrolls of teleportation
 u - 8 scrolls of fog
 w - 6 scrolls of fear
 y - 10 scrolls of enchant armour
 A - 9 scrolls of blinking
 H - 3 scrolls of amnesia
 Q - a scroll of summoning
 V - 5 scrolls of silence
 X - 6 scrolls of magic mapping
Potions
 b - 5 potions of magic
 c - 11 potions of heal wounds
 e - 22 potions of curing
 i - 6 potions of resistance
 n - 12 potions of might
 r - 11 potions of mutation
 s - 6 potions of berserk rage
 v - 5 potions of invisibility
 z - 3 potions of ambrosia
 C - 10 potions of flight
 D - a potion of cancellation
 R - 4 potions of brilliance
 Y - 3 potions of lignification
Miscellaneous
 a - a condenser vane
 h - a phantom mirror
 x - a box of beasts
 M - a lightning rod (4/4)
 P - a phial of floods
 S - a tin of tremorstones (2/2)


   Skills:
 - Level 15.0 Fighting
 - Level 10.2 Short Blades
 * Level 14.9 Axes
 - Level 6.1 Ranged Weapons
 - Level 14.0 Dodging
 - Level 16.3 Stealth
 - Level 13.7 Shields
 + Level 16.7 Spellcasting
 - Level 12.4 Conjurations
 + Level 6.3 Necromancy
 - Level 10.3 Transmutations
 - Level 6.6 Fire Magic
 - Level 8.0 Ice Magic
 - Level 18.5 Air Magic
 - Level 14.0 Earth Magic
 - Level 10.5 Poison Magic
 - Level 12.0 Invocations
 - Level 5.2 Evocations


You had 12 spell levels left.
You knew the following spells:

 Your Spells              Type           Power      Damage    Failure   Level
a - Borgnjor's Vile Clut  Necr/Erth      48%        N/A       1%          5
b - Maxwell's Capacitive  Air            61%        ∞         2%          8
c - Iron Shot             Conj/Erth      53%        9d10      1%          6
d - Olgreb's Toxic Radia  Pois           98%        N/A       1%          4
e - Arcjolt               Conj/Air       57%        1d67      1%          5
f - Statue Form           Tmut/Erth      68%        N/A       1%          6
g - Ignite Poison         Fire/Tmut/Pois 92%        N/A       1%          3
h - Fireball              Conj/Fire      47%        3d19      1%          5
j - Freezing Cloud        Conj/Ice/Air   53%        6-21      1%          5

Your spell library contained the following spells:

 Spells                   Type           Power      Damage    Failure   Level
 Beastly Appendage        Tmut           100%       N/A       0%          1
 Foxfire                  Conj/Fire      100%       2x1d9     0%          1
 Magic Dart               Conj           100%       1d8       0%          1
 Sandblast                Erth           100%       2d20      0%          1
 Shock                    Conj/Air       100%       1d9       0%          1
 Sting                    Tmut/Pois      100%       1d8       0%          1
 Cigotuvi's Dreadful Rot  Necr/Pois/Air  100%       N/A       0%          2
 Passwall                 Tmut/Erth      85%        N/A       0%          2
 Poisonous Vapours        Pois/Air       100%       N/A       0%          2
 Searing Ray              Conj           100%       2d8       0%          2
 Mephitic Cloud           Conj/Pois/Air  100%       N/A       0%          3
 Stone Arrow              Conj/Erth      100%       3d13      0%          3
 Apportation              Tloc           82%        N/A       1%          1
 Freeze                   Ice            100%       1d10      1%          1
 Kiss of Death            Conj/Necr      100%       2d13      1%          1
 Necrotise                Necr           100%       1d9       1%          1
 Summon Small Mammal      Summ           100%       N/A       1%          1
 Call Imp                 Summ           41%        N/A       1%          2
 Scorch                   Fire           100%       2d10      1%          2
 Sublimation of Blood     Necr           80%        N/A       1%          2
 Dazzling Flash           Conj/Hex       100%       N/A       1%          3
 Frozen Ramparts          Ice            100%       1d16      1%          3
 Hailstorm                Conj/Ice       96%        3d19      1%          3
 Kindle Blastsparks       Fire/Tloc/Air  100%       2d18      1%          3
 Ozocubu's Armour         Ice            88%        N/A       1%          3
 Vampiric Draining        Necr           80%        2d11      1%          3
 Vhi's Electric Charge    Tloc/Air       100%       N/A       1%          3
 Animate Armour           Summ/Erth      100%       N/A       1%          4
 Animate Dead             Necr           80%        N/A       1%          4
 Flame Wave               Conj/Fire      94%        2d20      1%          4
 Fulminant Prism          Conj/Hex       40%        3d19      1%          4
 Ice Form                 Ice/Tmut       92%        N/A       1%          4
 Iskenderun's Mystic Bla  Conj/Tloc      80%        2d16      1%          4
 Leda's Liquefaction      Hex/Erth       41%        N/A       1%          4
 Petrify                  Tmut/Erth      100%       N/A       1%          4
 Summon Ice Beast         Ice/Summ       69%        N/A       1%          4
 Agony                    Necr           80%        N/A       1%          5
 Alistair's Intoxication  Tmut/Pois      64%        N/A       1%          5
 Blade Hands              Tmut           48%        N/A       1%          5
 Irradiate                Conj/Tmut      50%        3d28      1%          5
 Iskenderun's Battlesphe  Conj           100%       2d15      1%          5
 Lee's Rapid Deconstruct  Erth           54%        3d25*     1%          5
 Silence                  Hex/Air        46%        N/A       1%          5
 Conjure Ball Lightning   Conj/Air       57%        3x3d21    1%          6
 Gell's Gravitas          Tloc           41%        N/A       2%          3
 Lesser Beckoning         Tloc           82%        N/A       2%          3
 Portal Projectile        Hex/Tloc       82%        N/A       2%          3
 Summon Guardian Golem    Hex/Summ       41%        N/A       2%          3
 Teleport Other           Tloc           41%        N/A       2%          3
 Yara's Violent Unravell  Hex/Tmut       37%        3d15      2%          5
 Starburst                Conj/Fire      47%        6d13      2%          6
 Metabolic Englaciation   Hex/Ice        34%        N/A       4%          5
 Orb of Destruction       Conj           52%        9d13      4%          7
 Simulacrum               Ice/Necr       42%        N/A       7%          6
 Passage of Golubria      Tloc           41%        N/A       9%          4
 Death Channel            Necr           40%        N/A       10%         6
 Summon Forest            Summ/Tloc      20%        N/A       24%         5
 Summon Mana Viper        Hex/Summ       41%        N/A       24%         5
 Lehudib's Crystal Spear  Conj/Erth      53%        10d13     24%         8
 Spellforged Servitor     Conj/Summ      40%        N/A       50%         7
 Dispersal                Tloc           20%        N/A       78%         6
 Summon Cactus Giant      Summ           20%        N/A       78%         6
 Chain Lightning          Conj/Air       57%        3d76      83%         9
 Necromutation            Tmut/Necr      44%        N/A       88%         8
 Shatter                  Erth           54%        3d41*     95%         9
 Borgnjor's Revivificati  Necr           40%        N/A       99%         8
 Enfeeble                 Hex            20%        N/A       100%        7
 Monstrous Menagerie      Summ           20%        N/A       100%        7
 Discord                  Hex            20%        N/A       100%        8
 Disjunction              Tloc           20%        N/A       100%        8
 Death's Door             Necr           40%        N/A       100%        9
 Fire Storm               Conj/Fire      47%        8d12      100%        9
 Polar Vortex             Ice            44%        N/A       100%        9


Dungeon Overview and Level Annotations

Branches:
Dungeon (15/15)            Temple (1/1) D:4            Lair (5/5) D:8
  Swamp (0/4) Lair:2       Spider (4/4) Lair:2        Slime (5/5) Lair:5
    Orc (2/2) D:11            Elf (3/3) Orc:2        Vaults (5/5) D:14
  Crypt (3/3) Vaults:3       Tomb (0/3) Crypt:3      Depths (4/4) D:15
   Hell (visited)             Dis (0/7) Hell            Geh (0/7) Hell
    Coc (0/7) Hell            Tar (0/7) Hell            Zot (2/5) Depths:4
 Bailey (visited)           IceCv (visited)

Altars:
Ashenzari
Cheibriados
Dithmenos
Elyvilon
Fedhas
Gozag
Hepliaklqana
Kikubaaqudgha
Makhleb
Nemelex Xobeh
Okawaru
Qazlal
Ru
Sif Muna
Trog
Uskayaw
Vehumet
Wu Jian
Xom
Yredelemnul
Zin
The Shining One
Lugonu

Shops:
D:2 :   D:5 [   D:11 (   D:14 *   Orc:1 *(([   Orc:2 [::!(=:   Elf:3 *(
Vaults:3 !   Vaults:4 (   Vaults:5 !?!!?   Depths:1 (

Portals:
Hell: Depths:1 Depths:2 Depths:3 Depths:4
Abyss: Depths:2 Depths:3
Pandemonium: Depths:1 Depths:2 Depths:4
Ziggurat: Depths:1
Trove: Depths:2 (give 11 potions of heal wounds)

Annotations:
D:13 2 transporters, 1 runed translucent door, Fyzyjia Apiu's ghost, journeyman VSAK
Spider:3 Mara
Vaults:3 Mennas
Depths:3 2 transporters


Innate Abilities, Weirdness & Mutations

Your serpentine skin is tough. (AC +9)
You have supernaturally acute eyesight. (SInv)
Armour fits poorly on your strangely shaped body.
Your system is resistant to poisons. (rPois)
You cover ground very slowly.
You can spit poison.
You can use your snake-like lower body to constrict enemies.
You occasionally shout uncontrollably at your foes.


Message History

You feel the Orb delaying your translocation!
You constrict the green draconian monk!!
The green draconian monk misses you.
You block the green draconian monk's attack.
The green draconian monk misses you.
The green draconian monk tail-slaps you but does no damage.
A purple draconian comes into view. It is wielding a +0 glaive.
Unknown command.
Casting: Statue Form (mildly dangerous; 1% risk of failure)
Confirm with . or Enter, or press ? or * to list all spells.
Electricity surges outward!
You kill the green draconian monk!
Cheibriados thoroughly appreciates the change of pace.
The purple draconian is lightly wounded.
The white draconian is lightly wounded.
The black draconian knight gestures at you while chanting.
The bolt of cold misses you.
The purple draconian breathes dispelling energy at you.
The bolt of dispelling energy hits you!!
You feel strangely stable.
Your magical effects are unravelling.
* * * LOW HITPOINT WARNING * * *
The purple draconian hits you but does no damage.
You block the black draconian knight's attack.
Unknown command.
Unknown command.
Unknown command.
Unknown command.
You hit the black draconian knight but do no damage.
You grab the black draconian knight.
You revert to your normal fleshy form.
Your +2 pair of gloves of strength unmelds from your body.
Your +2 troll leather armour {Snorg} unmelds from your body.
You feel stronger.
You constrict the black draconian knight, but do no damage.
The black draconian knight breathes lightning at you.
The bolt of lightning hits you!!!
* * * LOW HITPOINT WARNING * * *
The black draconian knight hits you with a +0 great mace!!
You die...

##.# #. ### #..#
#.. #.# ##..#
#..# #)#
##...##...# #.#
##.....d...## #.#
##.d........[#
#.###d.dd........
#.##..D##.†..##..
#@#.d.###....# .
#q#q.## #†...#
#dqd## #[[[.##
#d.## ##[)...#
#.## #..#...##
#.# #..#....# ###
##...#.....#
#..##
#.....#.....
#...##.........[.


You could see a green draconian monk, a black draconian knight (fast, catching
breath), a green draconian and a white draconian.

Vanquished Creatures
  the Royal Jelly (Slime:5)
  Dissolution (Slime:3)
  A dread lich (Crypt:3)
  An ancient lich (Depths:4)
  An orb of fire (Zot:1)
  A juggernaut (Depths:4)
  Parghit (Zot:2)
  Frederick (Vaults:4)
  Boris (Crypt:3)
  Sojobo (Depths:1)
  5 caustic shrikes (Depths:4)
  Saint Roka (Depths:1)
  Xtahua (Vaults:2)
  Geryon (Hell)
  8 golden dragons
  4 bone dragons
  Arachne (Spider:2)
  A Tzitzimitl (Crypt:3)
  2 doom hounds (Crypt:3)
  2 shard shrike zombies
  Rupert (D:12)
  4 tentacled monstrosities (Zot:1)
  Jorgrun (D:13)
  6 liches
  3 titans
  Grunn (Crypt:3)
  A deep elf blademaster (Elf:3)
  14 acid blobs
  7 quicksilver dragons
  3 death cobs (Zot:1)
  2 deep elf master archers (Elf:3)
  A sphinx (Vaults:4)
  4 ancient champions
  Kirke (Elf:1)
  13 tengu reavers
  Donald (Vaults:2)
  7 shadow dragons
  3 fire giants
  10 azure jellies (Slime:5)
  5 storm dragons
  2 revenants
  3 draconian knights
  4 draconian monks
  7 rockslimes
  10 frost giants
  5 emperor scorpions
  23 vault wardens
  4 iron dragons
  6 deep elf sorcerers
  2 curse skulls (Crypt:2)
  5 ghost moths
  A draconian scorcher (Zot:1)
  A caustic shrike zombie (Crypt:3)
  3 deep elf elementalists
  2 draconian stormcallers (Zot:2)
  A ghoul (Crypt:3)
  9 draconian shifters
  30 ironbound preservers
  A caustic shrike skeleton (Crypt:3)
  3 broodmothers
  9 ironbound thunderhulks
  6 war gargoyles
  2 orc warlords
  6 reapers
  22 very ugly things
  7 quicksilver oozes
  5 draconian annihilators
  14 stone giants
  6 green draconians
  3 putrid mouths
  3 black draconians
  7 vampire knights
  Nessos (D:12)
  4 deep elf demonologists
  8 dire elephants
  Azrael (Elf:1)
  7 white draconians
  5 yellow draconians
  6 purple draconians
  13 red draconians
  15 spark wasps
  13 deep elf annihilators
  3 fire dragons
  12 ettins
  10 deep elf death magi
  4 crystal guardians
  A merfolk impaler (Depths:2)
  3 eidola
  3 blizzard demons (Hell)
  Snorg (D:12)
  3 iron golems
  10 jiangshi
  13 yaktaur captains
  6 entropy weavers
  10 deep elf high priests
  A fenstrider witch zombie (Crypt:3)
  36 vault guards
  8 great orbs of eyes
  2 rakshasas
  A spriggan zombie (Crypt:3)
  7 hydras
  3 peacekeepers
  Erolcha (D:9)
  4 spriggan air magi
  7 ice dragons
  7 centaur warriors
  5 jorogumos
  17 two-headed ogres
  Erica (Lair:2)
  3 catoblepae
  10 ironbound frosthearts
  4 ogre magi (Orc:2)
  A spriggan skeleton (Crypt:2)
  3 boulder beetles
  A radroach (Spider:4)
  An anaconda (shapeshifter) (Depths:2)
  8 tengu warriors
  34 dancing weapons
  2 deep troll shamans
  2 death knights
  6 deep troll earth magi
  5 spriggan berserkers
  5 hell hogs
  13 death yaks
  2 orc high priests
  15 hell knights
  6 vampire magi
  18 deep elf knights
  4 soul eaters
  2 shadow wraiths
  Amaemon (Lair:2)
  21 skeletal warriors
  6 pharaoh ants
  5 iron trolls
  A sun moth (Spider:1)
  3 sun demons
  A shadow demon (Hell)
  4 steelbarb worms
  A golden dragon zombie (Crypt:3)
  A sea snake (shapeshifter) (Depths:1)
  77 deep trolls
  4 orb spiders
  A ghost moth zombie (Crypt:1)
  A wolf spider zombie (Crypt:2)
  2 glowing orange brains
  15 deep elf archers
  A glowing orange brain (shapeshifter) (Vaults:4)
  12 orc knights
  20 ironbound convokers
  10 wizards
  4 flayed ghosts
  12 lindwurms
  2 iron giant skeletons
  3 harpies (Vaults:3)
  An anaconda skeleton (Hell)
  33 deep elf pyromancers
  29 deep elf zephyrmancers
  17 wolf spiders
  9 phantasmal warriors
  17 necromancers
  An eleionoma zombie (Crypt:2)
  3 cyclopes
  4 orc sorcerers
  5 manticores
  38 ugly things
  A shining eye (shapeshifter) (Vaults:5)
  An oklob plant (Lair:5)
  A salamander (Depths:4)
  A shining eye (Slime:5)
  A human zombie (Vaults:1)
  19 moths of wrath
  A dire elephant zombie (Crypt:3)
  A goliath frog skeleton (Crypt:2)
  14 elephants
  A centaur zombie (D:15)
  4 torpor snails
  A torpor snail (shapeshifter) (Depths:1)
  13 black mambas
  3 ice statues
  21 vault sentinels
  An eye of devastation (Slime:2)
  An orange demon (Lair:2)
  3 smoke demons (Hell)
  A gargoyle (D:13)
  2 centaur skeletons
  A yaktaur zombie (Vaults:1)
  A large abomination (Elf:1)
  A spectral unseen horror (D:9)
  3 kobold demonologists
  4 hellions
  An unseen horror (D:12)
  A minotaur zombie (Crypt:2)
  16 cane toads
  11 demonic crawlers
  3 efreet
  A sea snake zombie (Hell)
  A dire elephant skeleton (Crypt:1)
  2 rime drakes
  12 komodo dragons
  Maggie (D:7)
  39 yaktaurs
  6 freezing wraiths
  6 hydra zombies
  A yaktaur skeleton (Vaults:1)
  An ice devil (Hell)
  9 tengu conjurers
  6 trolls
  A sea snake skeleton (Hell)
  A harpy zombie (Crypt:2)
  12 polar bears
  30 tarantellas
  5 meliai
  6 hornets
  A hydra skeleton (Hell)
  A blink frog (shapeshifter) (Elf:3)
  Prince Ribbit (D:7)
  2 spectral guardian serpents (Crypt:2)
  A tyrant leech (Lair:2)
  A dream sheep (shapeshifter) (Vaults:5)
  2 harpy skeletons
  3 blink frogs (Lair:3)
  A jumping spider zombie (Crypt:2)
  An ettin zombie (Hell)
  42 flying skulls
  87 slime creatures
  6 dream sheep
  A jumping spider (shapeshifter) (Vaults:1)
  44 jumping spiders
  A meliai zombie (Crypt:2)
  A black mamba zombie (Hell)
  A shadow (D:10)
  An alligator skeleton (Crypt:2)
  A centaur simulacrum (D:15)
  9 spriggans
  4 air elementals
  63 yaks
  14 culicivoras
  8 water elementals
  7 wraiths
  4 basilisks
  A hog (Elf:1)
  16 humans (D:14)
  22 fire elementals
  3 wyverns
  A black mamba skeleton (Crypt:3)
  8 golden eyes
  A chaos spawn (Depths:2)
  56 redbacks
  Menkaure (D:7)
  2 vampire mosquitoes (D:14)
  8 wargs
  A swamp worm (Lair:2)
  2 floating eyes (shapeshifter)
  An acid dragon (D:14)
  15 water moccasins
  Duvessa (D:5)
  2 hell hounds (Elf:1)
  37 orc warriors
  A floating eye (Depths:4)
  A sky beast (D:6)
  2 ice beasts
  A lindwurm zombie (Crypt:2)
  2 black bears
  29 ogres
  34 wolves
  5 centaurs
  2 human skeletons (Vaults:1)
  A phantom (D:6)
  A fire crab zombie (Crypt:1)
  8 kobold brigands
  2 gnoll sergeants
  2 elf zombies (Elf:1)
  A naga simulacrum (Crypt:2)
  9 bullfrogs
  5 necrophages
  An earth elemental (Elf:3)
  A scorpion (D:5)
  A cane toad simulacrum (Lair:4)
  A salamander skeleton (Crypt:1)
  3 wights (D:6)
  Dowan (D:5)
  A polar bear zombie (Crypt:1)
  13 killer bees
  9 howler monkeys
  A spectral centaur (D:9)
  6 electric eels
  20 orc priests
  A hound (D:5)
  Crazy Yiuf (D:6)
  A gnoll bouda (Lair:4)
  2 jellies
  5 iguanas
  12 hell rats (Hell)
  25 orc wizards
  3 polar bear simulacra (Lair:4)
  A spectral howler monkey (D:9)
  18 gnolls
  16 adders
  A swamp drake skeleton (Crypt:1)
  A white imp (D:6)
  A howler monkey simulacrum (D:9)
  An ufetubus (D:5)
  A jelly zombie (Crypt:1)
  An adder skeleton (Crypt:1)
  A worm (D:2)
  2 dart slugs
  101 orcs
  6 endoplasms
  4 giant cockroaches
  11 goblins
  10 hobgoblins
  12 jackals
  3 quokkas
  3 training dummies (D:11)
  7 ball pythons
  A ball python skeleton (Crypt:1)
  4 bats
  5 frilled lizards
  33 kobolds
  An orc skeleton (Crypt:2)
  4 rats
  A rat zombie (Crypt:1)
  2 fire vortices (Hell)
2323 creatures vanquished.

Vanquished Creatures (collateral kills)
  A deep elf pyromancer (Bailey)
  A cane toad simulacrum (Lair:4)
2 creatures vanquished.

Vanquished Creatures (others)
  A golden dragon (Vaults:5)
  A tengu reaver (Vaults:5)
  A stone giant (Vaults:5)
  2 very ugly things (Depths:2)
  A soul eater (Hell)
  A water elemental (Elf:2)
  A fire elemental (Zot:1)
  A hell hound (Elf:1)
  An orc priest (Vaults:5)
  A shadow imp (D:7)
  A creeping inferno (Hell)
  53 fungi
  116 plants
  21 withered plants (D:9)
202 creatures vanquished.

Grand Total: 2527 creatures vanquished

Notes
Turn   | Place    | Note
-------+----------+-------------------------------------------
     0 | D:1      | hikkokomori the Naga Ice Elementalist began the quest for
                  | the Orb.
     0 | D:1      | Reached XP level 1. HP: 15/15 MP: 3/3
   155 | D:1      | Reached XP level 2. HP: 18/24 MP: 3/5
   479 | D:1      | Found a faded altar of an unknown god.
   707 | D:1      | Reached skill level 1 in Fighting
   822 | D:1      | Reached XP level 3. HP: 31/31 MP: 6/6
   826 | D:1      | Learned a level 3 spell: Frozen Ramparts
   923 | D:2      | HP: 1/31 [goblin/+0 club (2)]
  1139 | D:2      | Upgraded the game from 0.30-a0-385-gfebfb9b408 to
                  | 0.30-a0-389-g8d7d949f56
  1211 | D:2      | Reached XP level 4. HP: 36/38 MP: 4/7
  1432 | D:2      | Learned a level 3 spell: Ozocubu's Armour
  1532 | D:2      | Found Vijagim's Book Shoppe.
  2038 | D:3      | You fall into a shaft and drop 2 floors!
  2038 | D:5      | Entered Level 5 of the Dungeon
  2070 | D:5      | Reached XP level 5. HP: 34/45 MP: 5/9
  2100 | D:5      | Noticed an ice beast
  2132 | D:5      | Killed an ice beast
  2133 | D:5      | Reached skill level 5 in Stealth
  2340 | D:5      | Found Wuoxkixi's Antique Armour Shop.
  2397 | D:5      | Reached skill level 5 in Ice Magic
  2397 | D:5      | Reached XP level 6. HP: 52/55 MP: 5/10
  3209 | D:4      | Reached XP level 7. HP: 54/62 MP: 6/12
  3612 | D:4      | Found a staircase to the Ecumenical Temple.
  3852 | D:3      | Reached skill level 1 in Shields
  4180 | Temple   | Entered the Ecumenical Temple
  4209 | Temple   | Upgraded the game from 0.30-a0-389-g8d7d949f56 to
                  | 0.30-a0-390-g80c34de65d
  4235 | Temple   | Became a worshipper of Cheibriados the Contemplative
  4339 | D:2      | Bought a Young Poisoner's Handbook for 200 gold pieces
  4344 | D:2      | Learned a level 4 spell: Olgreb's Toxic Radiance
  4484 | D:5      | Reached skill level 1 in Poison Magic
  4952 | D:5      | Reached XP level 8. HP: 72/72 MP: 9/14
  5131 | D:5      | Noticed Dowan
  5133 | D:5      | Noticed Duvessa
  5142 | D:5      | Killed Dowan
  5192 | D:5      | Killed Duvessa
  5316 | D:5      | Upgraded the game from 0.30-a0-390-g80c34de65d to
                  | 0.30-a0-394-g3e4acdb0ae
  6038 | D:6      | Reached * piety under Cheibriados
  6039 | D:6      | Reached skill level 1 in Invocations
  6379 | D:6      | Reached skill level 5 in Fighting
  6379 | D:6      | Reached skill level 1 in Ranged Weapons
  6379 | D:6      | Reached skill level 5 in Poison Magic
  6504 | D:6      | Found a runed translucent door.
  6505 | D:6      | Noticed Crazy Yiuf
  6512 | D:6      | Killed Crazy Yiuf
  6514 | D:6      | Identified the +1 hammer "Enweborgh" {vamp, Int+4}
  6709 | D:6      | Reached XP level 9. HP: 67/81 MP: 7/15
  6828 | D:6      | Reached ** piety under Cheibriados
  7321 | D:6      | Found a shadowy altar of Dithmenos.
  7712 | D:6      | Found a hazy altar of Hepliaklqana.
  8060 | D:7      | Reached *** piety under Cheibriados
  8219 | D:7      | Noticed Menkaure
  8232 | D:7      | Killed Menkaure
  8370 | D:7      | Noticed Prince Ribbit
  8374 | D:7      | Reached skill level 5 in Spellcasting
  8375 | D:7      | Reached XP level 10. HP: 91/91 MP: 6/17
  8380 | D:7      | Killed Prince Ribbit
  8687 | D:7      | Noticed Maggie
  8703 | D:7      | Killed Maggie
  8931 | D:8      | Reached **** piety under Cheibriados
  9014 | D:8      | Found a white marble altar of Elyvilon.
  9120 | D:8      | Found a staircase to the Lair.
  9184 | D:8      | Noticed a centaur warrior
  9243 | D:8      | Noticed a seven-headed hydra
  9260 | D:8      | Learned a level 3 spell: Dazzling Flash
  9268 | D:8      | Noticed an eight-headed hydra
  9335 | D:8      | Noticed a skeletal warrior
  9342 | D:8      | Noticed a cyclops
  9343 | D:8      | Noticed a boulder beetle
  9794 | Lair:1   | Entered Level 1 of the Lair of Beasts
 10224 | Lair:1   | Learned a level 4 spell: Summon Ice Beast
 10266 | Lair:1   | Noticed a cane toad
 10274 | Lair:1   | Killed a cane toad
 10275 | Lair:1   | Reached skill level 5 in Invocations
 10384 | Lair:1   | Noticed a cane toad
 10392 | Lair:1   | Killed a cane toad
 10393 | Lair:1   | Reached skill level 5 in Ranged Weapons
 10393 | Lair:1   | Reached skill level 5 in Shields
 10418 | Lair:1   | Reached XP level 11. HP: 87/98 MP: 12/20
 10491 | Lair:1   | You are sucked into a shaft and drop 1 floor!
 10636 | Lair:2   | Noticed Erica
 10676 | Lair:2   | Killed Erica
 10813 | Lair:2   | Found a hole to the Spider Nest.
 10817 | Lair:2   | Reached skill level 10 in Poison Magic
 11250 | Lair:2   | Found a staircase to the Swamp.
 11528 | Lair:2   | Noticed Amaemon
 11537 | Lair:2   | Killed Amaemon
 11537 | Lair:2   | Reached ***** piety under Cheibriados
 11945 | D:2      | Bought a Trismegistus Codex for 280 gold pieces
 11949 | D:2      | Learned a level 3 spell: Ignite Poison
 12203 | D:8      | Killed a boulder beetle
 12288 | Lair:1   | Reached skill level 1 in Transmutations
 12288 | Lair:1   | Reached skill level 1 in Fire Magic
 12593 | Lair:1   | Reached XP level 12. HP: 106/106 MP: 13/21
 13404 | Lair:3   | Noticed a seven-headed hydra
 13412 | Lair:3   | Killed a seven-headed hydra
 13591 | Lair:3   | Noticed a four-headed hydra
 13599 | Lair:3   | Killed a four-headed hydra
 15122 | Lair:4   | Gained mutation: You can use your snake-like lower body to
                  | constrict enemies. [Naga growth]
 15122 | Lair:4   | Reached XP level 13. HP: 38/117 MP: 4/24
 15222 | Lair:4   | Found a frozen archway.
 15226 | Lair:4   | Reached skill level 5 in Transmutations
 15251 | Lair:4   | Identified the +0 robe of the Minstrel {Will++ Int+4}
 15255 | IceCv    | Entered an ice cave
 15561 | IceCv    | Reached skill level 1 in Conjurations
 15768 | IceCv    | Learned a level 5 spell: Fireball
 15804 | IceCv    | Reached ****** piety under Cheibriados
 16635 | IceCv    | Found the +8 frozen axe "Frostbite" {freezing cloud, *Noise
                  | Fly rC+}
 17096 | Lair:4   | Reached skill level 10 in Invocations
 17489 | D:8      | Reached XP level 14. HP: 78/126 MP: 15/27
 17752 | D:2      | Bought a book of Minor Magic for 180 gold pieces
 17756 | D:2      | Learned a level 3 spell: Mephitic Cloud
 18418 | D:9      | Found an ornate altar of the Wu Jian Council.
 18419 | D:9      | Found an ancient bone altar of Kikubaaqudgha.
 18596 | D:9      | Noticed Erolcha
 18599 | D:9      | Killed Erolcha
 18600 | D:9      | Reached skill level 1 in Air Magic
 18877 | D:9      | Found a glowing golden altar of the Shining One.
 18928 | D:9      | Reached skill level 5 in Conjurations
 19258 | D:9      | Found the +4 dagger "Morg" {pain, Will+ Int+5}
 19303 | D:9      | Found a bloodstained altar of Trog.
 19369 | D:9      | Found an opulent altar of Gozag.
 19373 | D:9      | Found an iron altar of Okawaru.
 19373 | D:9      | Found a sacrificial altar of Ru.
 19374 | D:9      | Found a stormy altar of Qazlal.
 19377 | D:9      | Found a radiant altar of Vehumet.
 19378 | D:9      | Found a shimmering blue altar of Sif Muna.
 19626 | D:10     | Entered Level 10 of the Dungeon
 19705 | D:10     | Found a broken altar of Ashenzari.
 19709 | D:10     | Saw a vision of the Swamp and the Spider Nest.
 19709 | D:10     | Noticed a ghost moth
 19709 | D:10     | Noticed a broodmother
 19709 | D:10     | Noticed an emperor scorpion
 19822 | D:10     | Found a flagged portal.
 19831 | Bailey   | Entered a bailey
 20044 | Bailey   | Found a large runed translucent door.
 20044 | Bailey   | Found a large runed translucent door.
 20738 | D:10     | Identified the +7 whip "Witosuir" {elec, rF+ Will+}
 21205 | D:11     | Reached skill level 5 in Fire Magic
 21309 | D:11     | Found Mepuopin's Firing Range.
 21618 | D:11     | Found a staircase to the Orcish Mines.
 21639 | Orc:1    | Entered Level 1 of the Orcish Mines
 21639 | Orc:1    | Found Urrifae's General Store.
 21652 | Orc:1    | Found Kosonn's Antique Weapon Shop.
 22261 | Orc:1    | Found Openay's Antique Armour Shoppe.
 22329 | Orc:1    | Bought a pair of glowing gloves for 270 gold pieces
 22363 | Orc:1    | Found Luangaapiny's Weapon Boutique.
 22397 | Orc:2    | Entered Level 2 of the Orcish Mines
 22461 | Orc:2    | Reached skill level 1 in Evocations
 22498 | Orc:2    | Reached skill level 1 in Short Blades
 22625 | Orc:2    | Found a staircase to the Elven Halls.
 22778 | Orc:2    | Found Byll's Antique Armour Boutique.
 22807 | Orc:2    | Found Noguli's Book Shop.
 22826 | Orc:2    | Reached skill level 10 in Stealth
 22826 | Orc:2    | Reached skill level 10 in Spellcasting
 22836 | Orc:2    | Reached XP level 15. HP: 106/132 MP: 2/29
 22845 | Orc:2    | Found Nalizost's Book Shoppe.
 22845 | Orc:2    | Found Anniurchu's Distillery.
 23008 | Orc:2    | Found Ucoen's Weapon Boutique.
 23008 | Orc:2    | Found Diolarhi's Jewellery Emporium.
 23044 | Orc:2    | Bought an amulet of magic regeneration for 480 gold pieces
 23058 | Orc:2    | Found Tinyim's Book Boutique.
 23388 | Orc:2    | Bought the ring "Yleixt" {Will+ Int+4 SInv Stlth+} for 620
                  | gold pieces
 23529 | Spider:1 | Entered Level 1 of the Spider Nest
 23536 | Lair:2   | Upgraded the game from 0.30-a0-394-g3e4acdb0ae to
                  | 0.30-a0-439-g9e77e4d916
 23712 | Lair:5   | Entered Level 5 of the Lair of Beasts
 24348 | Lair:5   | Found a staircase to the Slime Pits.
 24354 | Lair:5   | Reached skill level 10 in Shields
 24714 | Lair:5   | Reached skill level 5 in Evocations
 24731 | Lair:5   | Reached skill level 5 in Short Blades
 24958 | Lair:5   | Learned a level 5 spell: Freezing Cloud
 25767 | Lair:5   | Got Gotin's Tractate on Stony Reformation
 25810 | Lair:5   | Reached skill level 2 in Air Magic
 25814 | Lair:5   | Reached skill level 3 in Air Magic
 26676 | D:8      | Reached skill level 4 in Air Magic
 26785 | D:8      | Got the Spellbook of Fulgurant Shifting
 27307 | D:12     | Noticed Rupert
 27314 | D:12     | Killed Rupert
 27352 | D:12     | Noticed Nessos
 27356 | D:12     | Killed Nessos
 27357 | D:12     | Reached XP level 16. HP: 124/141 MP: 18/30
 27363 | D:12     | Learned a level 5 spell: Arcjolt
 27430 | D:12     | Noticed Snorg
 27438 | D:12     | Killed Snorg
 27439 | D:12     | Reached skill level 5 in Air Magic
 28166 | D:13     | Found a transporter.
 28170 | D:13     | Found a transporter.
 28204 | D:13     | Noticed Fyzyjia Apiu's ghost (journeyman VSAK)
 28268 | D:13     | Noticed Jorgrun
 28274 | D:13     | Killed Jorgrun
 28576 | D:13     | Found a runed translucent door.
 28594 | D:13     | Reached skill level 6 in Air Magic
 29283 | D:14     | Found a gate to the Vaults.
 29288 | D:14     | Reached skill level 7 in Air Magic
 29807 | D:14     | Found Veosinac's Assorted Antiques.
 30084 | D:15     | Entered Level 15 of the Dungeon
 30258 | D:15     | Found a staircase to the Depths.
 30385 | D:15     | Reached skill level 8 in Air Magic
 30566 | D:15     | Identified the +10 great sword of Wounding {pain, rPois
                  | Int-5 Dex+3}
 31390 | Spider:1 | Upgraded the game from 0.30-a0-439-g9e77e4d916 to
                  | 0.30-a0-451-ge042605de7
 31416 | Spider:1 | Upgraded the game from 0.30-a0-451-ge042605de7 to
                  | 0.30-a0-457-g4b7bca3bfa
 31558 | Spider:1 | Reached XP level 17. HP: 83/144 MP: 13/31
 31569 | Spider:1 | Reached skill level 5 in Dodging
 31793 | Spider:1 | Reached skill level 9 in Air Magic
 32292 | Orc:2    | Bought a book of Iron for 396 gold pieces
 32496 | Spider:2 | Noticed Arachne
 32665 | Spider:2 | Killed Arachne
 33231 | Spider:2 | Learned a level 6 spell: Statue Form
 33352 | Spider:2 | You fall into a shaft and drop 1 floor!
 33392 | Spider:3 | Noticed Mara
 33412 | Spider:3 | Reached skill level 10 in Conjurations
 33412 | Spider:3 | Reached skill level 1 in Earth Magic
 33737 | Spider:3 | Noticed hikkokomori's illusion
 34344 | Spider:3 | Noticed hikkokomori's illusion
 34628 | Spider:3 | Noticed hikkokomori's illusion
 34756 | Spider:4 | Entered Level 4 of the Spider Nest
 35135 | Spider:4 | Reached XP level 18. HP: 144/158 MP: 11/33
 35743 | Spider:4 | Got a gossamer rune of Zot
 36063 | Spider:2 | Reached skill level 5 in Earth Magic
 36661 | Vaults:1 | Entered Level 1 of the Vaults
 37904 | Vaults:1 | Reached skill level 10 in Transmutations
 38135 | Vaults:1 | Reached XP level 19. HP: 165/165 MP: 34/34
 38903 | Vaults:1 | Learned a level 6 spell: Iron Shot
 38961 | Vaults:2 | Noticed Xtahua
 38964 | Vaults:2 | Killed Xtahua
 39050 | Vaults:2 | Identified the +8 morningstar of the Voracious God {venom,
                  | +Blink rPois Dex-4}
 39162 | Vaults:2 | Reached skill level 10 in Earth Magic
 40443 | Vaults:2 | Noticed Donald
 40448 | Vaults:2 | Killed Donald
 41168 | Vaults:3 | Found a staircase to the Crypt.
 41594 | Vaults:3 | Reached XP level 20. HP: 172/172 MP: 36/36
 41604 | Vaults:3 | Learned a level 3 spell: Vhi's Electric Charge
 41647 | Vaults:3 | Identified the +6 war axe of the Original Sin {holy, rElec
                  | rN++ Will- Str+3}
 41817 | Vaults:3 | Found Myn Cirety's Distillery.
 42549 | Vaults:3 | Noticed Mennas
 42645 | Vaults:4 | Noticed Frederick
 42653 | Vaults:4 | Reached skill level 10 in Fighting
 42654 | Vaults:4 | Killed Frederick
 42655 | Vaults:4 | Reached skill level 10 in Air Magic
 43581 | Vaults:4 | Reached skill level 11 in Air Magic
 44022 | Vaults:4 | Reached XP level 21. HP: 188/188 MP: 14/37
 44086 | Vaults:4 | Found Ysaeg's Weapon Shoppe.
 44464 | Elf:1    | Entered Level 1 of the Elven Halls
 44470 | Elf:1    | Paralysed by an air elemental for 1 turns
 44479 | Elf:1    | Paralysed by an air elemental for 1 turns
 44486 | Elf:1    | Paralysed by an air elemental for 1 turns
 44490 | Elf:1    | Paralysed by an air elemental for 1 turns
 44492 | Elf:1    | Paralysed by an air elemental for 1 turns
 44611 | Elf:1    | Got the Volume of Unhallowed Mysteries
 44876 | Elf:1    | Reached skill level 12 in Air Magic
 45013 | Elf:1    | Noticed Azrael
 45026 | Elf:1    | Killed Azrael
 45199 | Elf:1    | Paralysed by an air elemental for 1 turns
 45202 | Elf:1    | Paralysed by an air elemental for 1 turns
 45391 | Elf:1    | Noticed Kirke
 45394 | Elf:1    | Killed Kirke
 46092 | Elf:2    | Reached skill level 13 in Air Magic
 46238 | Elf:2    | Found a huge runed translucent gate.
 46238 | Elf:2    | Found a huge runed translucent gate.
 46238 | Elf:2    | Found a huge runed translucent gate.
 46268 | Elf:2    | Found a huge runed translucent gate.
 46270 | Elf:2    | Found a huge runed translucent gate.
 47152 | Elf:3    | Entered Level 3 of the Elven Halls
 47189 | Elf:3    | Found Uxufew's Assorted Antiques.
 47205 | Elf:3    | Bought a scroll of magic mapping for 225 gold pieces
 47218 | Elf:3    | Found Saelocy's Weapon Shop.
 47943 | Elf:3    | Reached XP level 22. HP: 202/202 MP: 14/38
 47956 | Elf:3    | Reached skill level 14 in Air Magic
 48223 | Elf:3    | Identified the ring of Twilight {rC- rN+ Dex+2 SInv}
 48450 | Elf:3    | Got the Discursus on Calefaction and Glamour
 48607 | Elf:3    | Reached skill level 10 in Dodging
 48621 | Elf:3    | Identified the +7 whip of the Spheres {freeze, rCorr Dex+4}
 48820 | Elf:3    | Upgraded the game from 0.30-a0-457-g4b7bca3bfa to
                  | 0.30-a0-458-g86641cc369
 49101 | Depths:1 | Entered Level 1 of the Depths
 49176 | Depths:1 | Found a one-way gate leading to the halls of Pandemonium.
 49329 | Depths:1 | Noticed Saint Roka
 49339 | Depths:1 | Killed Saint Roka
 49454 | Depths:1 | Found a gateway to Hell.
 49491 | Depths:1 | Found a one-way gateway to a ziggurat.
 49505 | Depths:1 | Noticed Sojobo
 49515 | Depths:1 | Killed Sojobo
 49652 | Depths:1 | Found Hoen's Weapon Boutique.
 49794 | Depths:1 | Found a shadowy altar of Dithmenos.
 49824 | Hell     | Entered the Vestibule of Hell
 49824 | Hell     | Noticed Geryon
 49837 | Hell     | Killed Geryon
 50326 | Orc:2    | Bought a book of Unlife for 540 gold pieces
 50332 | Orc:2    | Learned a level 5 spell: Borgnjor's Vile Clutch
 50698 | Depths:2 | Found a one-way gate to the infinite horrors of the Abyss.
 50863 | Depths:2 | Reached skill level 15 in Air Magic
 50921 | Depths:2 | Found a portal to a secret trove of treasure.
 50952 | Depths:2 | Reached skill level 15 in Fighting
 51716 | Depths:3 | Found a transporter.
 51824 | Depths:4 | Entered Level 4 of the Depths
 51827 | Depths:4 | Noticed a juggernaut
 51831 | Depths:4 | Noticed a caustic shrike
 51831 | Depths:4 | Noticed a caustic shrike
 51832 | Depths:4 | Noticed a caustic shrike
 52223 | Depths:4 | Noticed a caustic shrike
 52224 | Depths:4 | Noticed a caustic shrike
 52227 | Depths:4 | Killed a caustic shrike
 52228 | Depths:4 | Reached XP level 23. HP: 162/217 MP: 22/40
 52228 | Depths:4 | Killed a caustic shrike
 52229 | Depths:4 | Killed a caustic shrike
 52229 | Depths:4 | Killed a caustic shrike
 52229 | Depths:4 | Killed a caustic shrike
 52231 | Depths:4 | Killed a juggernaut
 52942 | Depths:4 | Found a gate to the Realm of Zot.
 53026 | Depths:4 | Reached skill level 10 in Short Blades
 53286 | Depths:4 | Found a runed translucent door.
 53287 | Depths:4 | Noticed an ancient lich
 53289 | Depths:4 | Found a radiant altar of Vehumet.
 53419 | Depths:4 | Identified the +5 demon trident of Kiguof {vamp, *Noise Fly
                  | rCorr Str+5}
 53812 | Depths:4 | Killed an ancient lich
 53828 | Depths:4 | Got Onusyfeo's Compendium of the Barrage
 53872 | Depths:3 | Found a shimmering blue altar of Sif Muna.
 54240 | Depths:3 | Found a transporter.
 54922 | Crypt:1  | Entered Level 1 of the Crypt
 55187 | Crypt:1  | Reached skill level 15 in Stealth
 55570 | Crypt:1  | Reached XP level 24. HP: 223/225 MP: 26/41
 55747 | Crypt:1  | Upgraded the game from 0.30-a0-458-g86641cc369 to
                  | 0.30-a0-459-g9104f0fc43
 55756 | Crypt:1  | Learned a level 8 spell: Maxwell's Capacitive Coupling
 56320 | Crypt:2  | Identified the +5 chain mail of Compassion {rF+}
 56685 | Crypt:3  | Entered Level 3 of the Crypt
 57051 | Crypt:3  | Found a staircase to the Tomb.
 57166 | Crypt:3  | Noticed Boris
 57168 | Crypt:3  | Noticed Grunn
 57179 | Crypt:3  | Killed Grunn
 57183 | Crypt:3  | Killed Boris
 57766 | Crypt:3  | Reached skill level 1 in Necromancy
 57772 | Crypt:3  | Reached skill level 16 in Air Magic
 57876 | Crypt:3  | Noticed a dread lich
 57880 | Crypt:3  | Killed a dread lich
 57961 | Crypt:3  | Found an ancient bone altar of Kikubaaqudgha.
 58871 | Depths:1 | Bought the +12 broad axe "Qeamon" {spect, rF+ rC+ Int+4}
                  | for 1590 gold pieces
 58944 | Hell     | Reached skill level 1 in Axes
 59126 | Hell     | Found a gateway to the ashen valley of Gehenna.
 59301 | Hell     | Found a gateway to the Iron City of Dis.
 59385 | Hell     | Reached XP level 25. HP: 231/232 MP: 41/41
 59391 | Hell     | Found a gateway to the freezing wastes of Cocytus.
 59491 | Hell     | Found a gateway to the decaying netherworld of Tartarus.
 59754 | Vaults:5 | Entered Level 5 of the Vaults
 59758 | Vaults:5 | Reached skill level 5 in Axes
 59759 | Vaults:5 | Reached skill level 17 in Air Magic
 59948 | Vaults:5 | Reached skill level 18 in Air Magic
 59948 | Vaults:5 | Identified the +7 scimitar "Potoc" {vorpal, rC+ Str+4
                  | Stlth+}
 60020 | Vaults:5 | Identified the +5 executioner's axe of the Beast {vorpal,
                  | Int+6}
 60396 | Vaults:5 | Got a silver rune of Zot
 60465 | Vaults:5 | Reached skill level 10 in Axes
 60470 | Vaults:5 | Found Feat's Distillery.
 60470 | Vaults:5 | Found Suts's Magic Scroll Shoppe.
 60508 | Vaults:5 | Found Agubas's Distillery.
 60517 | Vaults:5 | Bought a potion of might for 96 gold pieces
 60517 | Vaults:5 | Bought a potion of resistance for 240 gold pieces
 60685 | Vaults:5 | Identified the +0 pair of boots "Uprukkisoe" {Dex+6}
 61085 | Vaults:5 | Found Redul's Distillery.
 61090 | Vaults:5 | Bought a potion of heal wounds for 70 gold pieces
 61090 | Vaults:5 | Bought a potion of mutation for 112 gold pieces
 61090 | Vaults:5 | Bought a potion of mutation for 112 gold pieces
 61090 | Vaults:5 | Bought a potion of might for 56 gold pieces
 61094 | Vaults:5 | Found Doqivon's Magic Scroll Shop.
 61098 | Vaults:5 | Bought 2 scrolls of blinking for 195 gold pieces
 61098 | Vaults:5 | Bought a scroll of amnesia for 52 gold pieces
 61129 | Vaults:5 | Found Suxt's Distillery.
 61814 | Slime:1  | Entered Level 1 of the Pits of Slime
 61859 | Slime:2  | Reached XP level 26. HP: 227/241 MP: 22/41
 61884 | Slime:3  | Noticed Dissolution
 61888 | Slime:3  | Killed Dissolution
 61896 | Slime:3  | Reached skill level 15 in Spellcasting
 62300 | Slime:5  | Entered Level 5 of the Pits of Slime
 62355 | Slime:5  | Noticed the Royal Jelly
 62361 | Slime:5  | Killed the Royal Jelly
 62638 | Slime:5  | Found the dreamshard necklace {*Dream Drain}
 62663 | Slime:5  | Identified the +4 chain mail of Filth {rPois}
 62665 | Slime:5  | Got a slimy rune of Zot
 62720 | Slime:5  | Identified the +9 shortbow of Ash {flame, rPois Stlth+}
 62726 | Slime:5  | Identified the +2 hand axe of Imminent Death {vorpal, Will+
                  | SInv}
 62788 | Slime:5  | Identified the +8 short sword "Cutef" {vorpal, rF+ Will++
                  | rCorr Int-4}
 62814 | Slime:5  | Identified the +5 chain mail of Tartarus {Fly rC+ Stlth-}
 62848 | Slime:5  | Identified the +1 plate armour of Polish {Str+3}
 63567 | Zot:1    | Entered Level 1 of the Realm of Zot
 64808 | Zot:1    | Noticed an orb of fire
 64813 | Zot:1    | Gained mutation: You occasionally shout uncontrollably at
                  | your foes. [an orb of fire]
 64814 | Zot:1    | Killed an orb of fire
 65296 | Zot:2    | Reached skill level 5 in Necromancy
 65487 | Zot:2    | Noticed Parghit
 65493 | Zot:2    | Killed Parghit
 65545 | Zot:2    | Reached XP level 27. HP: 181/244 MP: 43/43
 65677 | Zot:2    | Identified the +1 flail "Nuaboax" {protect, Int-3 SInv
                  | Stlth+}
 65687 | Zot:2    | Identified the ring "Wiryawey" {rN+ Str+3 Dex+4 SInv
                  | Stlth-}
 65699 | Zot:2    | Slain by a black draconian knight

Illustrated notes

Levels and vault maps discovered:
D:1:      dpeg_arrival_rooms_a, layout_loops_ring,
          shapermc_ecumenical_altar_hornbeckon
D:2:      layout_basic, serial_shops, shop
D:3:      layout_rooms
D:4:      layout_loops_ring, minmay_temple_entry_metal_lava
D:5:      layout_layer_cave, serial_shops, nicolae_shop_window_shopping,
          uniq_duvessa
D:6:      layout_basic, nzn_hepliaklqana_mist_gate,
          mainiacjoe_overflow_cross_hatched, hangedman_glass_teeth,
          uniq_crazy_yiuf_cottage
D:7:      layout_basic, uniq_maggie, uniq_prince_ribbit1, uniq_menkaure
D:8:      minmay_cut_squares, layout_basic, elyvilon_altar_1,
          david_lair_shrubbed, enter_ossuary_5, lightli_corner_chamber
D:9:      layout_loops_corners, minitemple, nicolae_tso_swordbearing_angel,
          mainiacjoe_overflow_divided_tiny, dilly_guarded_unrand_morg,
          uniq_erolcha
D:10:     layout_loops_ring, grunt_ashenzari_visionary
          [grunt_ashenzari_visionary_swamp, grunt_ashenzari_visionary_spider],
          enter_bailey_5
D:11:     layout_roguey, hiddenorc1_lemuel, nicolae_shop_firing_range
D:12:     layout_basic, uniq_nessos, uniq_rupert, uniq_snorg
D:13:     layout_irregular_city, gammafunk_ghost_abyssal_escape,
          nicolae_danse_macabre, uniq_jorgrun
D:14:     layout_basic, david_vaults_3, serial_shops, shop,
          hangedman_decor_riveting
D:15:     grunt_enter_depths_magical_seal, layout_irregular_city
Temple:   corrupted_temple
Lair:1:   dreamdust_isle_of_ice, layout_big_grid, wad_woods_01
Lair:2:   layout_loops_ring, minmay_swamp_entry_worms,
          hellmonk_spider_entry_not_the_bees, minmay_holes, serial_bayou_pond_a,
          grunt_megastairs_2, uniq_amaemon, uniq_erica
Lair:3:   layout_cave_pods
Lair:4:   minmay_lair_venomous_thicket, layout_hall_layers,
          portal_ice_cave_entry_ice_simulacra, dreamdust_gnoll_shepherd,
          serial_bayou_shore_a
Lair:5:   hangedman_lair_in_review, layout_long_grid,
          minmay_slime_entry_pillars, nicolae_quartered_pool_super,
          minmay_lair_oklob_items, serial_bayou_shore_b
Spider:1: layout_spider_delve
Spider:2: layout_spider_delve, uniq_arachne
Spider:3: nicolae_spider_hilbert_zone_3 [nicolae_spider_hilbert_4_sides_2_open,
          nicolae_spider_hilbert_3_sides_1_open,
          nicolae_spider_hilbert_3_sides_1_open,
          nicolae_spider_hilbert_3_sides_1_open,
          nicolae_spider_hilbert_3_sides_1_open,
          nicolae_spider_hilbert_4_sides_1_open,
          nicolae_spider_hilbert_4_sides_1_open,
          nicolae_spider_hilbert_4_sides_1_open,
          nicolae_spider_hilbert_4_sides_1_open,
          nicolae_spider_hilbert_4_sides_1_open,
          nicolae_spider_hilbert_4_sides_1_open,
          nicolae_spider_hilbert_4_sides_1_open,
          nicolae_spider_hilbert_4_sides_1_open,
          nicolae_spider_hilbert_3_sides_1_open,
          nicolae_spider_hilbert_3_sides_1_open,
          nicolae_spider_hilbert_3_sides_1_open,
          nicolae_spider_hilbert_3_sides_1_open], nicolae_spider_checkerboard,
          uniq_mara
Spider:4: grunt_spider_rune_parallel, drop_trap
Slime:1:  layout_caves, nicolae_slime_barrier
Slime:2:  layout_caves, cheibrodos_slime_lost_civilization_6
Slime:3:  layout_caves, uniq_dissolution
Slime:4:  layout_caves
Slime:5
Orc:1:    layout_caves, serial_shops, nicolae_shop_crystal, shop,
          nicolae_shop_bloodbath_and_beyond, shop, minmay_orc_keep
Orc:2:    st_orc_ogre_mass, layout_caves, serial_shops, shop,
          nicolae_shop_hallway_plus, shop
Elf:1:    eino_elf_arrival_customs, layout_geoelf_octagon,
          minmay_elf_necromancy, uniq_kirke, uniq_azrael
Elf:2:    elven_hall_of_blades_hangedman_alternative
          [nicolae_blade_entry_antechamber], layout_onion_city,
          minmay_checkered_concentric_circles
Elf:3:    minmay_elf_hall_spiked, layout_loops_corners, serial_shops,
          shop_statue, minivault_26, minmay_shop_grid_forest,
          grunt_ministairs_2, amethyst_killhole
Vaults:1: vaults_room_hallway, ontoclasm_vaults_shuriken,
          vaults_mumra_minichess, vaults_room_grunt_arrival_ludios, v_misc_26,
          hangedman_vaults_stretched_pinwheel, st_more_cells,
          nicolae_vaults_little_squares_3, vaults_dpeg_encased_lava,
          vaults_room_pool, nicolae_vaults_specimen_jars, vaults_room_hallway,
          layout_vaults_omnicross
Vaults:2: vaults_room_pools, v_misc_30, vaults_dpeg_ring,
          nicolae_vaults_little_squares_3, v_rooms_5,
          nicolae_vaults_yaktaur_gun_rack, v_misc_23,
          vaults_standard_mumra_lines, nicolae_vaults_asterisk,
          nicolae_vaults_twisting_passages, layout_vaults_omnigrid, uniq_xtahua,
          uniq_donald
Vaults:3: vaults_room_grid, minmay_crypt_entry_simple_sparse,
          nicolae_vaults_network_star, v_rooms_2, st_spiral_rooms,
          v_alt_pattern_1, v_misc_30, v_misc_12,
          nicolae_vaults_disjoint_gnomons, nicolae_vaults_little_squares_2,
          vaults_dpeg_cross, nicolae_vaults_diagonal_hallway_9,
          nicolae_vaults_network_periphery, vaults_dpeg_emergency_exit,
          layout_vaults_maze_snakey, serial_shops, nicolae_shop_crystal,
          uniq_mennas
Vaults:4: ontoclasm_vaults_gateway, nicolae_vaults_three_branches,
          nicolae_vaults_asterisk, dpeg_vaults_hating_casters,
          nicolae_vaults_triangles, vaults_room_boxed, v_pattern_2, v_rooms_4,
          nicolae_vaults_asterisk, vaults_dpeg_hooks,
          nicolae_vaults_shelves_hall, vaults_standard_mumra_enter_the_diamond,
          layout_vaults_omnibox, serial_shops, nicolae_lakefront_shop,
          uniq_frederick
Vaults:5
Crypt:1:  layout_misc_corridors, grunt_crypt_arrival_webbed
Crypt:2:  layout_basic, amcnicky_mini_pool_small, minmay_misc_feat_five,
          st_stairs_5, minivault_26, nrook_guardian_serpent_ordinary
Crypt:3:  cryptofortress_bobbens, uniq_grunn, uniq_boris
Depths:1: layout_cave_pools, enter_ziggurat_c, hellmonk_bongcloud_opening,
          pan_entry, serial_shops, nicolae_shop_waterfront, hell_entry,
          grunt_decor_clamped, grunt_dithmenos_smoke_and_mirrors,
          uniq_saint_roka, uniq_sojobo
Depths:2: cheibrodos_birdhouse, layout_cave_pools, rand_demon_pan_entry_3,
          nicolae_trove_entry_free_sample, abyss_entry_glasseish, hell_entry,
          nicolae_titane
Depths:3: gammafunk_its_a_trap, layout_honeycomb, hell_entry,
          nicolae_sif_muna_condensation, abyss_entry
Depths:4: grunt_x_marks_the_spot, layout_long_grid, pan_entry, hellmouth_1,
          grunt_absolute_annihilation
Hell
Zot:1:    lemuel_firehouse, layout_cathedral_of_symmetry, grunt_ministairs_2,
          lemuel_baited_zot_trap
Zot:2:    layout_cathedral_of_symmetry, st_large_dragon_hoard_2, uniq_parghit

Skill      XL: |  1  2  3  4  5  6  7  8  9 10 11 12 13 14 15 16 17 18 19 20 21 22 23 24 25 26 27 |
---------------+----------------------------------------------------------------------------------+-----
Fighting       | 1 2 3 4 5 6 8 9 11 13 15 | 15.0
Stealth        | 4 5 6 8 10 11 13 14 15 16 | 16.3
Spellcasting   | 3 4 5 6 7 9 10 11 12 13 14 16 | 16.7
Ice Magic      | 5 7 8 |  8.0
Shields        | 2 3 4 5 6 8 9 10 11 12 13 | 13.7
Poison Magic   | 2 5 8 9 10 | 10.5
Invocations    | 2 4 5 7 8 10 11 12 | 12.0
Ranged Weapons | 1 3 5 6 |  6.1
Transmutations | 1 4 5 6 10 | 10.3
Fire Magic     | 1 3 4 5 6 |  6.6
Conjurations   | 4 6 9 10 11 12 | 12.4
Air Magic      | 1 4 8 9 11 13 15 16 18 | 18.5
Evocations     | 3 5 |  5.2
Short Blades   | 3 5 6 10 | 10.2
Dodging        | 4 6 7 9 12 14 | 14.0
Earth Magic    | 4 8 11 13 14 | 14.0
Necromancy     | 3 5 6 |  6.3
Axes           | 4 10 14 | 14.9

Action                   |  1- 3 |  4- 6 |  7- 9 | 10-12 | 13-15 | 16-18 | 19-21 | 22-24 | 25-27 || total
-------------------------+-------+-------+-------+-------+-------+-------+-------+-------+-------++-------
Melee: Spear             |    35 |    73 |       |       |       |       |       |       |       ||   108
       Dagger            |       |     9 |       |       |   275 |   707 |   615 |   721 |       ||  2327
       Scimitar          |       |       |       |       |     4 |       |       |       |       ||     4
       Constrict         |       |       |       |       |    57 |   127 |    98 |   126 |    50 ||   458
       Whip              |       |       |       |       |     6 |       |       |       |       ||     6
       Demon trident     |       |       |       |       |       |       |       |    48 |       ||    48
       Broad axe         |       |       |       |       |       |       |       |    51 |   336 ||   387
       Demon blade       |       |       |       |       |       |       |       |     6 |       ||     6
 Fire: Sling             |       |     8 |   212 |   271 |   218 |       |       |       |       ||   709
Throw: Dart              |       |       |     1 |       |       |       |       |       |       ||     1
 Cast: Freeze            |    36 |    37 |    40 |    44 |    15 |       |       |       |       ||   172
       Frozen Ramparts   |       |    12 |    27 |    17 |     8 |     3 |       |       |       ||    67
       Ozocubu's Armour  |       |     1 |     8 |     4 |    19 |    18 |       |       |       ||    50
       Olgreb's Toxic Ra |       |       |    10 |    69 |    95 |   108 |   101 |    64 |    32 ||   479
       Ignite Poison     |       |       |       |    13 |    83 |    92 |   102 |    46 |    32 ||   368
       Fireball          |       |       |       |       |    48 |    42 |    13 |    11 |     4 ||   118
       Summon Ice Beast  |       |       |       |       |     4 |     1 |       |       |       ||     5
       Mephitic Cloud    |       |       |       |       |     9 |    11 |     3 |     5 |       ||    28
       Freezing Cloud    |       |       |       |       |     7 |    36 |     5 |     2 |     1 ||    51
       Dazzling Flash    |       |       |       |       |     1 |       |       |       |       ||     1
       Arcjolt           |       |       |       |       |       |    54 |    44 |   175 |    49 ||   322
       Statue Form       |       |       |       |       |       |     7 |    26 |    33 |    23 ||    89
       Iron Shot         |       |       |       |       |       |       |    74 |   116 |    42 ||   232
       Borgnjor's Vile C |       |       |       |       |       |       |       |    26 |     1 ||    27
       Vhi's Electric Ch |       |       |       |       |       |       |       |     1 |       ||     1
       Maxwell's Capacit |       |       |       |       |       |       |       |    18 |     7 ||    25
Invok: Bend Time         |       |       |     1 |     1 |       |     1 |       |       |       ||     3
       Slouch            |       |       |       |     1 |     3 |     1 |     1 |     5 |     1 ||    12
       Temporal Distorti |       |       |       |     1 |     1 |     1 |       |     1 |       ||     4
       Step From Time    |       |       |       |       |       |     1 |       |     1 |       ||     2
 Abil: Spit Poison       |     4 |     6 |     3 |     2 |     4 |     1 |       |     1 |       ||    21
Evoke: Wand              |       |       |     6 |     7 |    15 |     6 |     1 |     4 |     1 ||    40
       Lightning rod     |       |       |       |       |    12 |     4 |     4 |       |       ||    20
       Box of beasts     |       |       |       |       |     1 |     1 |       |     1 |       ||     3
       Phial of floods   |       |       |       |       |       |     1 |       |       |       ||     1
       Condenser vane    |       |       |       |       |       |       |       |     2 |     1 ||     3
  Use: Scroll            |       |     2 |     3 |    16 |    16 |    11 |     2 |     9 |     3 ||    62
       Potion            |       |     4 |     2 |     7 |     2 |     8 |       |     4 |     2 ||    29
 Stab: Sleeping          |     4 |     5 |       |       |     9 |    17 |    42 |    19 |    10 ||   106
       Confused          |       |       |       |       |     3 |     1 |       |     1 |       ||     5
       Distracted        |       |       |       |       |     2 |     1 |     6 |     9 |    18 ||    36
       Petrified         |       |       |       |       |     1 |       |       |       |       ||     1
Armor: Robe              |    16 |    35 |    18 |       |   131 |    29 |    30 |       |       ||   259
       Scale mail        |       |       |    12 |       |       |       |       |       |       ||    12
       Leather armour    |       |       |    28 |    76 |    10 |       |       |       |       ||   114
       Troll leather arm |       |       |       |       |       |   215 |    57 |   133 |    58 ||   463
       Skin              |       |       |       |       |       |    22 |   152 |   279 |   209 ||   662
Dodge: Dodged            |    24 |    61 |    75 |    76 |   170 |   424 |   443 |  1134 |   710 ||  3117
Block: Tower shield      |       |       |     7 |    80 |   194 |  1125 |   230 |       |       ||  1636
       Buckler           |       |       |       |    46 |    17 |       |       |       |       ||    63
       Kite shield       |       |       |       |       |   243 |       |   436 |   999 |   510 ||  2188
       Reflection        |       |       |       |       |       |       |    36 |     9 |    20 ||    65

Table legend: (Time is in decaauts)
 A = Elapsed time spent in this place.
 B = Non-inter-level travel time spent in this place.
 C = Inter-level travel time spent in this place.
 D = Time resting spent in this place.
 E = Time spent auto-exploring this place.
 F = Levels seen in this place.
 G = Mean time per level.
                   A        B        C        D        E       F      G
               +--------+--------+--------+--------+--------+-----+--------+
         Total | 128438 | 111935 |  16503 |  11718 |  72409 |  52 | 2470.0 |
       Dungeon |  38282 |  30026 |   8256 |   2481 |  21503 |  15 | 2552.1 |
        Temple |    103 |     79 |     24 |      0 |     32 |   1 |  103.0 |
          Lair |  14420 |  12879 |   1541 |   3037 |   7055 |   5 | 2884.0 |
   Spider Nest |  10528 |   9728 |    800 |    559 |   6097 |   4 | 2632.0 |
    Slime Pits |   3153 |   2892 |    261 |    302 |   1521 |   5 |  630.6 |
  Orcish Mines |   3936 |   3270 |    666 |    253 |   2220 |   2 | 1968.0 |
   Elven Halls |   9881 |   9158 |    723 |    590 |   6197 |   3 | 3293.7 |
        Vaults |  19244 |  17467 |   1777 |   1363 |  11992 |   5 | 3848.8 |
         Crypt |   7506 |   7155 |    351 |    846 |   4320 |   3 | 2502.0 |
        Depths |  12016 |  10127 |   1889 |    943 |   6244 |   4 | 3004.0 |
          Hell |   1553 |   1490 |     63 |     75 |    853 |   1 | 1553.0 |
           Zot |   4518 |   4372 |    146 |    107 |   3260 |   2 | 2259.0 |
        Bailey |    757 |    757 |      0 |    107 |    340 |   1 |  757.0 |
      Ice Cave |   2535 |   2535 |      0 |   1051 |    770 |   1 | 2535.0 |
               +--------+--------+--------+--------+--------+-----+--------+

Top non-repeatable levels by time:
Vaults:1: 4414 daAuts
Vaults:2: 4057 daAuts
  Lair:5: 3940 daAuts
     D:9: 3904 daAuts
Vaults:3: 3897 daAuts
   Elf:2: 3823 daAuts
   Zot:1: 3762 daAuts
   Elf:3: 3736 daAuts
Vaults:4: 3699 daAuts
     D:6: 3608 daAuts
     D:5: 3608 daAuts
     D:8: 3587 daAuts
 Crypt:3: 3466 daAuts
Depths:4: 3407 daAuts
Depths:3: 3387 daAuts
